[ AOE2 MATCH · #477846929 ]
UnrankedBurgundians vs Dravidians
[ REPLAY ANALYSIS · EXTRACTED FROM THE RECORDED GAME ]
Feudal
10:32
Castle
14:23
Imperial
29:16
| APM avg | 23.5 |
| APM peak | 52 |
| eAPM avg | 17.2 |
| Villagers / military | 129 / 308 |
Focus
⚔️ 42.4% · 🌾 57.6%
Hand Cannoneer ×202 · Spearman ×79 · Bombard Cannon ×12 · Flemish Militia ×5 · Coustillier ×4 · Cavalry Archer ×3
Feudal
9:39
Castle
13:20
Imperial
37:44
| APM avg | 27.9 |
| APM peak | 68 |
| eAPM avg | 20.7 |
| Villagers / military | 154 / 144 |
Focus
⚔️ 28.6% · 🌾 71.4%
Knight ×70 · Camel Scout ×58 · Monk ×10 · War Elephant ×5 · Mangonel ×1
Feudal
10:59
Castle
14:55
Imperial
27:47
| APM avg | 45.5 |
| APM peak | 105 |
| eAPM avg | 25.8 |
| Villagers / military | 174 / 260 |
Focus
⚔️ 29.6% · 🌾 70.4%
Elephant Archer ×159 · Urumi Swordsman ×93 · Monk ×4 · Spearman ×2 · Trebuchet (Packed) ×2
Feudal
9:44
Castle
14:31
Imperial
34:07
| APM avg | 38.0 |
| APM peak | 83 |
| eAPM avg | 22.8 |
| Villagers / military | 209 / 169 |
Focus
⚔️ 20.8% · 🌾 79.2%
Battle Elephant ×134 · Spearman ×35
Feudal
11:40
Castle
15:23
Imperial
27:06
| APM avg | 16.2 |
| APM peak | 41 |
| eAPM avg | 10.4 |
| Villagers / military | 116 / 22 |
Focus
⚔️ 18.0% · 🌾 82.0%
Mangonel ×5 · Spearman ×5 · Militia ×4 · Scorpion ×4 · Trebuchet (Packed) ×3 · Obuch ×1
Feudal
9:40
Castle
13:17
Imperial
30:08
| APM avg | 57.5 |
| APM peak | 106 |
| eAPM avg | 22.6 |
| Villagers / military | 130 / 94 |
Focus
⚔️ 37.1% · 🌾 62.9%
Composite Bowman ×73 · Spearman ×12 · Trebuchet (Packed) ×7 · Petard ×2
Feudal
11:01
Castle
14:38
Imperial
28:53
| APM avg | 54.4 |
| APM peak | 97 |
| eAPM avg | 29.4 |
| Villagers / military | 185 / 281 |
Focus
⚔️ 41.8% · 🌾 58.2%
Monaspa ×251 · Mangonel ×11 · Trebuchet (Packed) ×7 · Scout Cavalry ×6 · Petard ×4 · Monk ×2
Feudal
10:48
Castle
15:09
Imperial
32:44
| APM avg | 59.5 |
| APM peak | 111 |
| eAPM avg | 34.3 |
| Villagers / military | 172 / 341 |
Focus
⚔️ 37.3% · 🌾 62.7%
Huskarl ×179 · Spearman ×136 · Militia ×12 · Mangonel ×8 · Bombard Cannon ×5 · Monk ×1
Match map
Initial resources + every placement click. Lines = walls · curves = elevation contours. ◆ gold · ⬟ stone · ● berries · ✦ relic · ◌ wall gap
Your base· ✓ Closed at 14:23 · 0t walls · 3 gate(s)
Dino_Mate's base· ✓ Closed at 13:20 · 0t walls · 3 gate(s)
SentinelChroner's base· ✓ Closed at 14:55 · 0t walls · 3 gate(s)
Andres_bc81's base· ✓ Closed at 14:31 · 0t walls · 2 gate(s)
Maradey's base· ✓ Closed at 15:23 · 0t walls · 2 gate(s)
Fluffy Dust's base· ✓ Closed at 13:17 · 0t walls · 3 gate(s)
Aztreonam's base· ✓ Closed at 14:38 · 0t walls · 2 gate(s)
patasss's base· ✓ Closed at 15:09 · 0t walls · 2 gate(s)
Smoothed initial terrain · ◌ = detected wall gap · hover for details
Inputs per minute
— Yadranik - - Dino_Mate
Build order — Yadranik
First 150 of 392 actions detected
| 0:04 | Build | House |
| 0:06 | Build | House |
| 0:14 | Queue | Villager (Male) |
| 0:14 | Queue | Villager (Male) |
| 0:20 | Queue | Villager (Male) |
| 0:20 | Queue | Villager (Male) |
| 0:20 | Queue | Villager (Male) |
| 1:14 | Queue | Villager (Male) |
| 1:14 | Queue | Villager (Male) |
| 1:51 | Queue | Villager (Male) |
| 1:51 | Queue | Villager (Male) |
| 2:01 | Build | Lumber Camp |
| 2:21 | Queue | Villager (Male) |
| 2:21 | Queue | Villager (Male) |
| 2:54 | Queue | Villager (Male) |
| 2:54 | Queue | Villager (Male) |
| 3:04 | Queue | Villager (Male) |
| 3:40 | Queue | Villager (Male) |
| 4:01 | Build | House |
| 4:02 | Build | House |
| 4:30 | Queue | Villager (Male) |
| 4:30 | Queue | Villager (Male) |
| 4:31 | Queue | Villager (Male) |
| 4:55 | Queue | Villager (Male) |
| 5:48 | Build | Mill |
| 6:17 | Queue | Villager (Male) |
| 6:17 | Queue | Villager (Male) |
| 6:21 | Queue | Villager (Male) |
| 7:00 | Queue | Villager (Male) |
| 7:36 | Queue | Villager (Male) |
| 8:04 | Build | Mining Camp |
| 8:14 | Research | Feudal Age |
| 9:49 | Build | House |
| 10:20 | Build | Farm |
| 10:32 | Age | Feudal Age |
| 10:34 | Build | Blacksmith |
| 10:37 | Build | Market |
| 10:38 | Queue | Villager (Male) |
| 10:38 | Queue | Villager (Male) |
| 10:51 | Queue | Villager (Male) |
| 10:51 | Queue | Villager (Male) |
| 10:54 | Build | Farm |
| 10:57 | Build | Farm |
| 11:23 | Build | House |
| 11:43 | Research | Castle Age |
| 12:04 | Research | Loom |
| 12:16 | Build | Mill |
| 14:23 | Age | Castle Age |
| 14:25 | Build | Town Center |
| 14:26 | Queue | Villager (Male) |
| 14:26 | Queue | Villager (Male) |
| 14:55 | Research | Double-Bit Axe |
| 15:08 | Queue | Villager (Male) |
| 15:09 | Queue | Villager (Male) |
| 15:13 | Queue | Villager (Male) |
| 15:28 | Research | Horse Collar |
| 15:38 | Queue | Villager (Male) |
| 15:38 | Queue | Villager (Male) |
| 15:38 | Queue | Villager (Male) |
| 15:40 | Queue | Villager (Male) |
| 15:40 | Queue | Villager (Male) |
| 16:08 | Queue | Villager (Male) |
| 16:10 | Queue | Villager (Male) |
| 16:12 | Build | Farm |
| 16:14 | Build | Farm |
| 16:19 | Queue | Villager (Male) |
| 16:26 | Build | Farm |
| 16:27 | Queue | Villager (Male) |
| 16:45 | Build | House |
| 16:46 | Build | House |
| 16:58 | Queue | Villager (Male) |
| 16:58 | Queue | Villager (Male) |
| 17:15 | Build | Barracks |
| 17:17 | Queue | Villager (Male) |
| 17:22 | Queue | Villager (Male) |
| 17:27 | Queue | Villager (Male) |
| 17:48 | Queue | Villager (Male) |
| 18:21 | Queue | Villager (Male) |
| 18:29 | Build | Town Center |
| 18:34 | Queue | Villager (Male) |
| 18:34 | Queue | Villager (Male) |
| 18:35 | Queue | Villager (Male) |
| 18:39 | Build | House |
| 18:41 | Build | House |
| 18:42 | Build | House |
| 18:43 | Queue | Villager (Male) |
| 18:57 | Queue | Villager (Male) |
| 19:00 | Research | Wheelbarrow |
| 19:07 | Queue | Villager (Male) |
| 19:08 | Queue | Villager (Male) |
| 19:18 | Build | House |
| 19:20 | Build | House |
| 19:36 | Build | Farm |
| 19:36 | Build | Farm |
| 19:40 | Build | Farm |
| 19:41 | Build | Farm |
| 19:44 | Build | Farm |
| 19:46 | Queue | Villager (Male) |
| 19:59 | Build | Farm |
| 20:00 | Queue | Villager (Male) |
| 20:13 | Queue | Villager (Male) |
| 20:17 | Build | Farm |
| 20:17 | Queue | Villager (Male) |
| 20:29 | Build | Farm |
| 20:33 | Build | Farm |
| 20:34 | Queue | Villager (Male) |
| 20:42 | Queue | Villager (Male) |
| 20:43 | Queue | Villager (Male) |
| 20:46 | Build | Lumber Camp |
| 21:05 | Build | Farm |
| 21:14 | Build | Farm |
| 21:21 | Queue | Villager (Male) |
| 21:22 | Queue | Villager (Male) |
| 21:27 | Build | Farm |
| 21:27 | Queue | Villager (Male) |
| 21:28 | Queue | Villager (Male) |
| 22:10 | Queue | Villager (Male) |
| 22:11 | Queue | Villager (Male) |
| 22:19 | Build | Archery Range |
| 22:22 | Build | Archery Range |
| 22:26 | Queue | Villager (Male) |
| 22:27 | Queue | Villager (Male) |
| 22:33 | Build | Farm |
| 22:47 | Build | Castle |
| 22:58 | Build | Farm |
| 22:58 | Build | Farm |
| 22:58 | Build | Farm |
| 22:59 | Build | Farm |
| 23:04 | Build | Farm |
| 23:04 | Build | Farm |
| 23:04 | Build | Farm |
| 23:04 | Build | Farm |
| 23:07 | Queue | Villager (Male) |
| 23:14 | Build | Farm |
| 23:19 | Queue | Villager (Male) |
| 23:19 | Queue | Villager (Male) |
| 23:22 | Build | Farm |
| 23:24 | Queue | Villager (Male) |
| 23:27 | Research | Bow Saw |
| 23:30 | Queue | Villager (Male) |
| 23:31 | Queue | Villager (Male) |
| 23:36 | Build | House |
| 23:36 | Build | House |
| 23:36 | Build | House |
| 23:37 | Build | House |
| 23:37 | Build | House |
| 23:37 | Build | House |
| 23:38 | Build | House |
| 23:38 | Build | House |
| 23:38 | Build | House |
Build order — Dino_Mate
First 150 of 366 actions detected
| 0:01 | Queue | Villager (Male) |
| 0:02 | Build | House |
| 0:03 | Build | House |
| 0:11 | Queue | Villager (Male) ×4 |
| 0:11 | Queue | Villager (Male) ×4 |
| 1:25 | Queue | Villager (Male) |
| 1:26 | Queue | Villager (Male) |
| 1:41 | Build | Lumber Camp |
| 2:07 | Queue | Villager (Male) |
| 2:08 | Queue | Villager (Male) ×2 |
| 2:31 | Queue | Villager (Male) |
| 3:34 | Queue | Villager (Male) ×2 |
| 3:42 | Build | House |
| 3:44 | Build | Mill |
| 4:10 | Queue | Villager (Male) ×3 |
| 4:10 | Queue | Villager (Male) ×3 |
| 5:14 | Build | Mining Camp |
| 5:26 | Queue | Villager (Male) ×3 |
| 5:35 | Build | House |
| 5:37 | Queue | Villager (Male) |
| 6:44 | Queue | Villager (Male) |
| 7:08 | Build | Farm |
| 7:11 | Build | Farm |
| 7:13 | Build | Farm |
| 7:35 | Research | Feudal Age |
| 7:41 | Build | Farm |
| 8:30 | Queue | Villager (Male) |
| 8:30 | Queue | Villager (Male) |
| 9:39 | Age | Feudal Age |
| 9:41 | Build | Market |
| 9:43 | Build | Blacksmith |
| 10:46 | Research | Double-Bit Axe |
| 10:55 | Research | Castle Age |
| 11:32 | Research | Double-Bit Axe |
| 13:12 | Build | House |
| 13:20 | Age | Castle Age |
| 13:22 | Build | Town Center |
| 13:23 | Queue | Villager (Male) |
| 13:29 | Build | Monastery |
| 13:46 | Queue | Villager (Male) |
| 13:46 | Queue | Villager (Male) |
| 13:48 | Build | Farm |
| 14:13 | Build | Farm |
| 14:15 | Research | Bow Saw |
| 14:26 | Queue | Villager (Male) |
| 14:32 | Queue | Monk |
| 14:39 | Build | Farm |
| 14:43 | Research | Horse Collar |
| 14:43 | Research | Horse Collar |
| 14:43 | Research | Horse Collar |
| 14:45 | Queue | Villager (Male) |
| 14:49 | Queue | Villager (Male) |
| 14:50 | Queue | Villager (Male) |
| 14:57 | Queue | Villager (Male) |
| 15:06 | Queue | Monk |
| 15:12 | Build | House |
| 15:31 | Queue | Villager (Male) |
| 15:41 | Build | House |
| 15:42 | Build | House |
| 15:45 | Build | House |
| 15:48 | Queue | Villager (Male) |
| 15:56 | Queue | Villager (Male) |
| 16:06 | Build | Town Center |
| 16:19 | Build | Town Center |
| 16:28 | Queue | Villager (Male) |
| 16:29 | Queue | Villager (Male) |
| 16:33 | Queue | Villager (Male) |
| 16:42 | Build | House |
| 16:43 | Build | House |
| 16:45 | Build | House |
| 16:48 | Build | House |
| 16:50 | Queue | Villager (Male) |
| 17:14 | Queue | Villager (Male) |
| 17:15 | Queue | Villager (Male) |
| 17:16 | Build | Farm |
| 17:46 | Queue | Villager (Male) |
| 17:46 | Queue | Villager (Male) |
| 17:50 | Queue | Monk |
| 18:05 | Build | House |
| 18:10 | Build | Farm |
| 18:10 | Build | Farm |
| 18:12 | Build | Farm |
| 18:13 | Build | Farm |
| 18:17 | Build | Farm |
| 18:18 | Build | Farm |
| 18:19 | Queue | Villager (Male) |
| 18:33 | Queue | Villager (Male) |
| 18:34 | Queue | Villager (Male) |
| 18:48 | Build | Farm |
| 18:48 | Build | Farm |
| 18:51 | Research | Loom |
| 18:52 | Queue | Villager (Male) |
| 18:56 | Build | Farm |
| 19:03 | Queue | Villager (Male) |
| 19:03 | Queue | Villager (Male) |
| 19:03 | Queue | Villager (Male) |
| 19:06 | Research | Stone Mining |
| 19:10 | Build | Farm |
| 19:12 | Build | Farm |
| 19:40 | Queue | Villager (Male) |
| 19:41 | Queue | Villager (Male) |
| 19:42 | Queue | Villager (Male) |
| 19:57 | Build | Farm |
| 19:58 | Build | Farm |
| 19:59 | Build | Farm |
| 20:00 | Queue | Villager (Male) |
| 20:01 | Queue | Villager (Male) |
| 20:01 | Queue | Villager (Male) |
| 20:05 | Queue | Villager (Male) |
| 20:09 | Build | Town Center |
| 20:19 | Build | Lumber Camp |
| 20:21 | Queue | Villager (Male) |
| 20:28 | Research | Wheelbarrow |
| 20:29 | Research | Wheelbarrow |
| 20:38 | Queue | Villager (Male) |
| 20:39 | Queue | Villager (Male) |
| 20:41 | Queue | Villager (Male) |
| 21:25 | Build | Mill |
| 21:25 | Build | Farm |
| 21:26 | Build | Farm |
| 21:26 | Build | Farm |
| 21:26 | Build | Farm |
| 21:26 | Build | Farm |
| 21:26 | Build | Farm |
| 21:29 | Queue | Villager (Male) |
| 21:34 | Queue | Villager (Male) |
| 21:37 | Queue | Villager (Male) |
| 21:44 | Queue | Villager (Male) |
| 21:44 | Queue | Villager (Male) |
| 21:49 | Build | Farm |
| 21:50 | Build | Farm |
| 21:52 | Build | Farm |
| 21:55 | Build | Farm |
| 21:59 | Build | Farm |
| 22:00 | Queue | Villager (Male) |
| 22:01 | Queue | Villager (Male) |
| 22:16 | Queue | Villager (Male) |
| 22:16 | Queue | Villager (Male) |
| 22:44 | Build | Siege Workshop |
| 22:45 | Queue | Villager (Male) |
| 22:46 | Queue | Villager (Male) |
| 23:11 | Queue | Mangonel |
| 24:02 | Research | Hand Cart |
| 24:06 | Build | Lumber Camp |
| 24:47 | Build | Castle |
| 25:14 | Build | House |
| 25:16 | Build | Stone Wall |
| 25:26 | Research | Scale Barding Armor |
| 25:27 | Research | Forging |
| 25:30 | Build | Monastery |
Build order — SentinelChroner
First 150 of 511 actions detected
| 0:01 | Queue | Villager (Male) |
| 0:01 | Queue | Villager (Male) |
| 0:02 | Queue | Villager (Male) |
| 0:03 | Build | House |
| 0:04 | Build | House |
| 0:21 | Queue | Villager (Male) |
| 1:33 | Queue | Villager (Male) |
| 1:33 | Queue | Villager (Male) |
| 1:45 | Build | Lumber Camp |
| 2:02 | Queue | Villager (Male) |
| 2:21 | Queue | Villager (Male) |
| 2:51 | Queue | Villager (Male) |
| 2:51 | Queue | Villager (Male) |
| 3:10 | Build | House |
| 3:16 | Queue | Villager (Male) |
| 3:17 | Queue | Villager (Male) |
| 3:38 | Queue | Villager (Male) |
| 3:38 | Queue | Villager (Male) |
| 4:09 | Queue | Villager (Male) |
| 4:38 | Queue | Villager (Male) |
| 4:39 | Queue | Villager (Male) |
| 4:39 | Queue | Villager (Male) |
| 4:59 | Queue | Villager (Male) |
| 4:59 | Queue | Villager (Male) |
| 5:28 | Build | House |
| 5:43 | Queue | Villager (Male) |
| 5:44 | Queue | Villager (Male) |
| 5:44 | Queue | Villager (Male) |
| 5:55 | Queue | Villager (Male) |
| 5:55 | Queue | Villager (Male) |
| 6:16 | Queue | Villager (Male) |
| 6:17 | Queue | Villager (Male) |
| 6:46 | Queue | Villager (Male) |
| 7:03 | Build | Mill |
| 8:03 | Build | Lumber Camp |
| 8:29 | Build | Mining Camp |
| 8:34 | Build | House |
| 8:38 | Research | Feudal Age |
| 8:39 | Research | Feudal Age |
| 10:22 | Build | Farm |
| 10:23 | Build | Farm |
| 10:24 | Build | Farm |
| 10:25 | Build | Farm |
| 10:28 | Build | Farm |
| 10:30 | Build | Farm |
| 10:53 | Queue | Villager (Male) |
| 10:53 | Queue | Villager (Male) |
| 10:59 | Age | Feudal Age |
| 11:00 | Build | Market |
| 11:03 | Build | Blacksmith |
| 11:10 | Build | Farm |
| 11:26 | Build | Farm |
| 11:43 | Queue | Villager (Male) |
| 12:15 | Research | Castle Age |
| 12:15 | Research | Castle Age |
| 12:28 | Build | Farm |
| 12:43 | Research | Horse Collar |
| 12:43 | Research | Horse Collar |
| 12:50 | Build | House |
| 13:10 | Research | Double-Bit Axe |
| 13:11 | Research | Double-Bit Axe |
| 14:36 | Queue | Villager (Male) |
| 14:36 | Queue | Villager (Male) |
| 14:55 | Age | Castle Age |
| 14:55 | Research | Bow Saw |
| 14:55 | Research | Bow Saw |
| 14:56 | Research | Heavy Plow |
| 14:56 | Research | Heavy Plow |
| 15:01 | Build | Town Center |
| 15:04 | Build | Monastery |
| 15:47 | Queue | Villager (Male) |
| 15:47 | Queue | Villager (Male) |
| 15:52 | Build | Town Center |
| 16:07 | Queue | Monk |
| 16:17 | Queue | Villager (Male) |
| 16:21 | Build | House |
| 16:23 | Queue | Villager (Male) |
| 16:23 | Queue | Villager (Male) |
| 16:24 | Queue | Villager (Male) |
| 16:27 | Build | Farm |
| 16:28 | Queue | Villager (Male) |
| 16:33 | Build | Farm |
| 16:42 | Research | Wheelbarrow |
| 16:42 | Research | Wheelbarrow |
| 16:52 | Queue | Villager (Male) |
| 16:52 | Queue | Villager (Male) |
| 16:53 | Queue | Villager (Male) |
| 16:53 | Queue | Villager (Male) |
| 17:02 | Build | Farm |
| 17:06 | Build | Farm |
| 17:12 | Build | House |
| 17:12 | Queue | Villager (Male) |
| 17:13 | Queue | Villager (Male) |
| 17:17 | Build | Farm |
| 17:25 | Build | Farm |
| 17:35 | Queue | Villager (Male) |
| 17:38 | Queue | Monk |
| 17:45 | Build | Farm |
| 17:45 | Queue | Villager (Male) |
| 17:46 | Build | House |
| 17:47 | Build | House |
| 17:51 | Build | Farm |
| 18:00 | Queue | Villager (Male) |
| 18:05 | Build | Farm |
| 18:09 | Build | Farm |
| 18:10 | Queue | Villager (Male) |
| 18:15 | Build | Farm |
| 18:21 | Queue | Villager (Male) |
| 18:23 | Queue | Villager (Male) |
| 18:23 | Queue | Villager (Male) |
| 18:33 | Build | Farm |
| 18:38 | Queue | Villager (Male) |
| 18:45 | Build | House |
| 18:45 | Queue | Villager (Male) |
| 18:49 | Build | Farm |
| 18:50 | Build | Farm |
| 18:54 | Build | Farm |
| 18:54 | Queue | Villager (Male) |
| 18:55 | Queue | Villager (Male) |
| 18:56 | Build | Farm |
| 19:00 | Build | Farm |
| 19:01 | Build | Farm |
| 19:01 | Queue | Villager (Male) |
| 19:07 | Queue | Villager (Male) |
| 19:07 | Queue | Villager (Male) |
| 19:12 | Build | House |
| 19:13 | Queue | Villager (Male) |
| 19:18 | Build | Farm |
| 19:19 | Queue | Villager (Male) |
| 19:29 | Build | Farm |
| 19:30 | Queue | Villager (Male) |
| 19:44 | Queue | Monk |
| 19:45 | Queue | Villager (Male) |
| 19:46 | Queue | Villager (Male) |
| 19:47 | Queue | Villager (Male) |
| 19:49 | Build | Barracks |
| 19:59 | Queue | Villager (Male) |
| 20:01 | Build | House |
| 20:02 | Build | House |
| 20:03 | Queue | Villager (Male) |
| 20:06 | Build | Farm |
| 20:06 | Build | Farm |
| 20:06 | Build | Farm |
| 20:07 | Queue | Villager (Male) |
| 20:11 | Queue | Villager (Male) |
| 20:13 | Queue | Villager (Male) |
| 20:18 | Build | Farm |
| 20:18 | Queue | Villager (Male) |
| 20:20 | Build | Farm |
| 20:22 | Build | Farm |
Build order — Andres_bc81
First 150 of 463 actions detected
| 0:05 | Queue | Villager (Male) |
| 0:06 | Queue | Villager (Male) |
| 0:06 | Queue | Villager (Male) |
| 0:06 | Queue | Villager (Male) |
| 0:06 | Queue | Villager (Male) |
| 0:06 | Queue | Villager (Male) |
| 0:06 | Queue | Villager (Male) |
| 0:09 | Build | House |
| 0:11 | Build | House |
| 1:15 | Queue | Villager (Male) |
| 1:15 | Queue | Villager (Male) |
| 1:15 | Queue | Villager (Male) |
| 1:15 | Queue | Villager (Male) |
| 1:51 | Queue | Villager (Male) |
| 1:51 | Queue | Villager (Male) |
| 1:51 | Queue | Villager (Male) |
| 1:51 | Queue | Villager (Male) |
| 1:55 | Build | Lumber Camp |
| 2:26 | Queue | Villager (Male) |
| 2:26 | Queue | Villager (Male) |
| 2:26 | Queue | Villager (Male) |
| 2:26 | Queue | Villager (Male) |
| 2:26 | Queue | Villager (Male) |
| 2:55 | Research | Loom |
| 3:01 | Queue | Villager (Male) |
| 3:01 | Queue | Villager (Male) |
| 3:01 | Queue | Villager (Male) |
| 3:25 | Queue | Villager (Male) |
| 3:25 | Queue | Villager (Male) |
| 3:25 | Queue | Villager (Male) |
| 3:33 | Queue | Villager (Male) |
| 3:33 | Queue | Villager (Male) |
| 3:33 | Queue | Villager (Male) |
| 3:33 | Queue | Villager (Male) |
| 3:33 | Queue | Villager (Male) |
| 3:37 | Build | House |
| 3:38 | Build | House |
| 3:41 | Build | House |
| 3:52 | Queue | Villager (Male) |
| 3:52 | Queue | Villager (Male) |
| 3:52 | Queue | Villager (Male) |
| 4:13 | Queue | Villager (Male) |
| 4:13 | Queue | Villager (Male) |
| 4:29 | Queue | Villager (Male) |
| 4:29 | Queue | Villager (Male) |
| 4:29 | Queue | Villager (Male) |
| 4:49 | Queue | Villager (Male) |
| 4:49 | Queue | Villager (Male) |
| 4:50 | Queue | Villager (Male) |
| 4:50 | Queue | Villager (Male) |
| 4:50 | Queue | Villager (Male) |
| 5:25 | Queue | Villager (Male) |
| 5:25 | Queue | Villager (Male) |
| 5:25 | Queue | Villager (Male) |
| 5:25 | Queue | Villager (Male) |
| 5:29 | Build | Mill |
| 5:49 | Queue | Villager (Male) |
| 5:49 | Queue | Villager (Male) |
| 5:49 | Queue | Villager (Male) |
| 6:13 | Queue | Villager (Male) |
| 6:13 | Queue | Villager (Male) |
| 6:13 | Queue | Villager (Male) |
| 6:16 | Queue | Villager (Male) |
| 6:16 | Queue | Villager (Male) |
| 6:16 | Queue | Villager (Male) |
| 6:16 | Queue | Villager (Male) |
| 6:16 | Queue | Villager (Male) |
| 6:27 | Build | Farm |
| 6:46 | Queue | Villager (Male) |
| 6:46 | Queue | Villager (Male) |
| 6:46 | Queue | Villager (Male) |
| 6:49 | Build | Farm |
| 7:15 | Build | Farm |
| 7:49 | Build | Mining Camp |
| 8:15 | Research | Feudal Age |
| 8:42 | Queue | Villager (Male) |
| 8:48 | Queue | Villager (Male) |
| 8:48 | Queue | Villager (Male) |
| 9:42 | Build | Farm |
| 9:44 | Age | Feudal Age |
| 10:14 | Build | Farm |
| 10:33 | Queue | Villager (Male) |
| 10:39 | Build | House |
| 11:55 | Build | Market |
| 11:57 | Queue | Villager (Male) |
| 12:02 | Build | Blacksmith |
| 12:03 | Queue | Villager (Male) |
| 12:32 | Build | Lumber Camp |
| 12:43 | Build | House |
| 12:55 | Research | Castle Age |
| 13:51 | Research | Double-Bit Axe |
| 13:52 | Research | Horse Collar |
| 13:55 | Queue | Villager (Male) |
| 14:28 | Research | Loom |
| 14:31 | Age | Castle Age |
| 14:36 | Build | Town Center |
| 15:04 | Queue | Villager (Male) |
| 15:07 | Build | Farm |
| 15:26 | Queue | Villager (Male) |
| 15:33 | Research | Bow Saw |
| 15:38 | Research | Heavy Plow |
| 15:44 | Queue | Villager (Male) |
| 15:44 | Queue | Villager (Male) |
| 15:44 | Queue | Villager (Male) |
| 15:44 | Queue | Villager (Male) |
| 15:51 | Build | Farm |
| 15:57 | Queue | Villager (Male) |
| 15:57 | Queue | Villager (Male) |
| 15:57 | Queue | Villager (Male) |
| 16:11 | Build | Farm |
| 16:17 | Build | Farm |
| 16:18 | Queue | Villager (Male) |
| 16:18 | Queue | Villager (Male) |
| 16:18 | Queue | Villager (Male) |
| 16:18 | Queue | Villager (Male) |
| 16:41 | Queue | Villager (Male) |
| 16:41 | Queue | Villager (Male) |
| 16:41 | Queue | Villager (Male) |
| 16:44 | Build | Farm |
| 16:49 | Build | Farm |
| 16:54 | Build | Farm |
| 17:03 | Build | Farm |
| 17:04 | Build | Farm |
| 17:04 | Queue | Villager (Male) |
| 17:04 | Queue | Villager (Male) |
| 17:04 | Queue | Villager (Male) |
| 17:04 | Queue | Villager (Male) |
| 17:04 | Queue | Villager (Male) |
| 17:12 | Build | House |
| 17:19 | Queue | Villager (Male) |
| 17:19 | Queue | Villager (Male) |
| 17:19 | Queue | Villager (Male) |
| 17:30 | Build | Farm |
| 17:31 | Build | Farm |
| 17:51 | Queue | Villager (Male) |
| 17:51 | Queue | Villager (Male) |
| 17:51 | Queue | Villager (Male) |
| 17:56 | Build | Barracks |
| 18:03 | Build | Barracks |
| 18:05 | Build | House |
| 18:06 | Build | House |
| 18:07 | Queue | Villager (Male) |
| 18:07 | Queue | Villager (Male) |
| 18:07 | Queue | Villager (Male) |
| 18:11 | Queue | Villager (Male) |
| 18:11 | Queue | Villager (Male) |
| 18:27 | Build | House |
| 18:28 | Queue | Villager (Male) |
| 18:30 | Queue | Villager (Male) |
| 18:30 | Queue | Villager (Male) |
Build order — Maradey
First 150 of 231 actions detected
| 0:01 | Queue | Villager (Male) |
| 0:01 | Queue | Villager (Male) |
| 0:01 | Queue | Villager (Male) |
| 0:02 | Build | House |
| 0:03 | Build | House |
| 0:28 | Queue | Villager (Male) |
| 0:29 | Queue | Villager (Male) |
| 1:41 | Queue | Villager (Male) |
| 1:41 | Queue | Villager (Male) |
| 1:55 | Build | Lumber Camp |
| 2:11 | Queue | Villager (Male) |
| 2:11 | Queue | Villager (Male) |
| 2:11 | Queue | Villager (Male) |
| 2:24 | Queue | Villager (Male) |
| 2:24 | Queue | Villager (Male) |
| 3:14 | Queue | Villager (Male) |
| 3:14 | Queue | Villager (Male) |
| 3:14 | Queue | Villager (Male) |
| 3:57 | Queue | Villager (Male) |
| 3:57 | Queue | Villager (Male) |
| 4:10 | Build | House |
| 4:14 | Build | House |
| 4:25 | Build | Mill |
| 4:29 | Queue | Villager (Male) |
| 4:32 | Queue | Villager (Male) |
| 4:32 | Queue | Villager (Male) |
| 4:32 | Queue | Villager (Male) |
| 5:11 | Queue | Villager (Male) |
| 5:12 | Queue | Villager (Male) |
| 5:34 | Queue | Villager (Male) |
| 5:34 | Queue | Villager (Male) |
| 5:34 | Queue | Villager (Male) |
| 5:53 | Queue | Villager (Male) |
| 5:53 | Queue | Villager (Male) |
| 6:24 | Queue | Villager (Male) |
| 6:24 | Queue | Villager (Male) |
| 6:53 | Queue | Villager (Male) |
| 7:58 | Build | Mining Camp |
| 8:02 | Queue | Villager (Male) |
| 8:02 | Queue | Villager (Male) |
| 9:07 | Build | Mining Camp |
| 9:30 | Research | Feudal Age |
| 10:33 | Build | Farm |
| 11:03 | Build | Farm |
| 11:07 | Build | Farm |
| 11:40 | Age | Feudal Age |
| 11:47 | Build | Blacksmith |
| 11:52 | Build | Market |
| 12:04 | Build | Farm |
| 12:43 | Research | Castle Age |
| 12:43 | Research | Castle Age |
| 12:52 | Build | Farm |
| 12:52 | Build | Farm |
| 12:52 | Build | Farm |
| 13:10 | Queue | Villager (Male) |
| 13:37 | Research | Double-Bit Axe |
| 13:47 | Build | House |
| 13:56 | Build | House |
| 14:23 | Build | House |
| 14:24 | Build | House |
| 14:26 | Build | House |
| 14:49 | Build | House |
| 14:51 | Build | House |
| 14:53 | Build | House |
| 15:23 | Age | Castle Age |
| 15:30 | Build | Castle |
| 15:33 | Research | Loom |
| 15:35 | Research | Wheelbarrow |
| 15:36 | Queue | Villager (Male) |
| 15:36 | Queue | Villager (Male) |
| 15:58 | Build | Siege Workshop |
| 16:16 | Build | House |
| 16:36 | Build | Stone Wall |
| 16:43 | Build | House |
| 16:46 | Build | House |
| 16:50 | Build | Palisade Wall |
| 16:54 | Build | House |
| 17:03 | Queue | Villager (Male) |
| 17:04 | Queue | Villager (Male) |
| 17:06 | Queue | Mangonel |
| 17:09 | Queue | Scorpion |
| 17:11 | Queue | Scorpion |
| 17:25 | Research | Horse Collar |
| 17:27 | Queue | Villager (Male) |
| 17:27 | Queue | Villager (Male) |
| 17:41 | Queue | Villager (Male) |
| 17:42 | Queue | Villager (Male) |
| 18:05 | Queue | Villager (Male) |
| 18:05 | Queue | Villager (Male) |
| 18:24 | Queue | Villager (Male) |
| 18:24 | Queue | Villager (Male) |
| 18:43 | Queue | Villager (Male) |
| 19:07 | Queue | Villager (Male) |
| 19:23 | Build | Town Center |
| 19:34 | Build | House |
| 19:53 | Queue | Villager (Male) |
| 20:09 | Queue | Villager (Male) |
| 20:30 | Build | Mill |
| 20:31 | Build | Farm |
| 20:31 | Build | Farm |
| 20:31 | Build | Farm |
| 20:32 | Build | Farm |
| 20:32 | Build | Farm |
| 20:32 | Build | Farm |
| 20:32 | Build | Farm |
| 20:33 | Build | Farm |
| 20:39 | Queue | Villager (Male) |
| 21:21 | Queue | Villager (Male) |
| 21:49 | Queue | Villager (Male) |
| 22:22 | Queue | Villager (Male) |
| 22:48 | Queue | Villager (Male) |
| 23:09 | Queue | Villager (Male) |
| 23:11 | Queue | Villager (Male) |
| 23:20 | Queue | Villager (Male) |
| 23:34 | Build | University |
| 23:42 | Queue | Villager (Male) |
| 23:45 | Queue | Villager (Male) |
| 23:56 | Research | Imperial Age |
| 24:10 | Queue | Villager (Male) |
| 24:11 | Queue | Villager (Male) |
| 24:11 | Queue | Villager (Male) |
| 24:41 | Queue | Villager (Male) |
| 25:09 | Build | House |
| 25:10 | Build | House |
| 25:12 | Build | House |
| 25:15 | Queue | Villager (Male) |
| 25:16 | Queue | Villager (Male) |
| 25:20 | Build | Farm |
| 25:20 | Build | Farm |
| 25:27 | Queue | Villager (Male) |
| 25:57 | Build | Town Center |
| 26:44 | Build | Blacksmith |
| 26:58 | Queue | Villager (Male) |
| 26:58 | Queue | Villager (Male) |
| 26:58 | Queue | Villager (Male) |
| 27:06 | Age | Imperial Age |
| 27:07 | Queue | Trebuchet (Packed) |
| 27:10 | Research | Conscription |
| 27:19 | Queue | Scorpion |
| 27:24 | Queue | Villager (Male) |
| 27:24 | Queue | Villager (Male) |
| 27:28 | Research | Bow Saw |
| 27:32 | Research | Hand Cart |
| 27:56 | Queue | Scorpion |
| 28:29 | Queue | Trebuchet (Packed) |
| 28:47 | Research | Fletching |
| 29:02 | Queue | Villager (Male) |
| 29:02 | Queue | Villager (Male) |
| 29:02 | Queue | Villager (Male) |
| 29:04 | Build | Farm |
Build order — Fluffy Dust
First 150 of 385 actions detected
| 0:00 | Queue | Villager (Male) |
| 0:00 | Queue | Villager (Male) |
| 0:00 | Queue | Villager (Male) |
| 0:02 | Build | House |
| 0:04 | Build | House |
| 0:29 | Queue | Villager (Male) |
| 1:35 | Queue | Villager (Male) |
| 1:44 | Build | Mule Cart |
| 1:55 | Queue | Villager (Male) |
| 2:19 | Queue | Villager (Male) |
| 2:52 | Queue | Villager (Male) ×2 |
| 3:09 | Queue | Villager (Male) |
| 3:33 | Build | Mill |
| 4:05 | Queue | Villager (Male) ×2 |
| 4:18 | Build | House |
| 4:27 | Queue | Villager (Male) |
| 5:13 | Queue | Villager (Male) |
| 5:47 | Queue | Villager (Male) ×3 |
| 5:48 | Queue | Villager (Male) ×3 |
| 6:12 | Build | House |
| 6:53 | Build | Farm |
| 7:02 | Queue | Villager (Male) |
| 7:29 | Research | Feudal Age |
| 8:06 | Queue | Villager (Male) |
| 8:06 | Queue | Villager (Male) |
| 8:34 | Research | Loom |
| 9:40 | Age | Feudal Age |
| 9:42 | Build | Market |
| 9:46 | Build | Blacksmith |
| 10:37 | Research | Castle Age |
| 11:24 | Research | Double-Bit Axe |
| 12:36 | Queue | Villager (Male) |
| 13:17 | Age | Castle Age |
| 13:20 | Queue | Villager (Male) |
| 13:34 | Build | Castle |
| 13:46 | Build | Farm |
| 14:02 | Build | Mule Cart |
| 14:05 | Queue | Villager (Male) |
| 14:09 | Build | Farm |
| 14:11 | Build | Farm |
| 14:14 | Research | Town Watch |
| 14:30 | Queue | Villager (Male) |
| 14:51 | Queue | Composite Bowman |
| 14:54 | Queue | Villager (Male) |
| 15:05 | Queue | Composite Bowman ×2 |
| 15:19 | Queue | Composite Bowman |
| 15:20 | Queue | Villager (Male) ×3 |
| 15:30 | Build | Farm |
| 15:51 | Queue | Composite Bowman |
| 15:52 | Queue | Villager (Male) |
| 16:12 | Queue | Composite Bowman ×2 |
| 16:29 | Queue | Villager (Male) |
| 16:51 | Queue | Villager (Male) |
| 17:13 | Build | Farm |
| 17:15 | Build | Farm |
| 17:15 | Build | Farm |
| 17:15 | Build | Farm |
| 17:15 | Build | Farm |
| 17:15 | Build | Farm |
| 17:16 | Build | Farm |
| 17:16 | Build | Farm |
| 17:50 | Queue | Villager (Male) |
| 17:57 | Build | Farm |
| 17:58 | Build | Farm |
| 18:02 | Queue | Composite Bowman |
| 18:02 | Queue | Composite Bowman |
| 18:20 | Queue | Villager (Male) |
| 18:29 | Build | Town Center |
| 18:46 | Queue | Villager (Male) |
| 19:06 | Queue | Villager (Male) |
| 19:30 | Research | Bow Saw |
| 19:32 | Queue | Composite Bowman |
| 19:32 | Queue | Composite Bowman |
| 19:43 | Queue | Villager (Male) |
| 19:52 | Build | House |
| 19:56 | Queue | Petard |
| 20:00 | Queue | Villager (Male) |
| 20:12 | Build | Farm |
| 20:12 | Build | Farm |
| 20:12 | Build | Farm |
| 20:12 | Build | Farm |
| 20:13 | Build | Farm |
| 20:13 | Build | Farm |
| 20:13 | Build | Farm |
| 20:13 | Build | Farm |
| 20:21 | Queue | Villager (Male) |
| 20:24 | Queue | Petard |
| 20:36 | Build | House |
| 20:37 | Build | House |
| 20:38 | Build | House |
| 20:43 | Queue | Composite Bowman |
| 20:44 | Queue | Villager (Male) |
| 20:52 | Build | Farm |
| 20:56 | Build | Farm |
| 20:59 | Build | Farm |
| 21:10 | Queue | Villager (Male) |
| 21:14 | Research | Fletching |
| 21:34 | Queue | Villager (Male) |
| 21:39 | Build | Farm |
| 21:41 | Build | Farm |
| 21:47 | Queue | Villager (Male) |
| 22:21 | Queue | Villager (Male) |
| 22:21 | Queue | Villager (Male) |
| 22:23 | Research | Wheelbarrow |
| 22:54 | Queue | Composite Bowman |
| 22:55 | Queue | Composite Bowman |
| 22:55 | Queue | Villager (Male) |
| 23:31 | Queue | Villager (Male) |
| 23:33 | Queue | Villager (Male) |
| 23:43 | Queue | Villager (Male) |
| 23:46 | Build | Mill |
| 23:47 | Build | Farm |
| 23:47 | Build | Farm |
| 23:47 | Build | Farm |
| 23:47 | Build | Farm |
| 23:48 | Build | Farm |
| 23:48 | Build | Farm |
| 23:48 | Build | Farm |
| 23:48 | Build | Farm |
| 23:48 | Build | Farm |
| 23:48 | Build | Farm |
| 23:49 | Build | Farm |
| 24:25 | Research | Bodkin Arrow |
| 24:43 | Queue | Villager (Male) |
| 24:43 | Queue | Villager (Male) |
| 25:28 | Queue | Villager (Male) |
| 25:29 | Queue | Villager (Male) |
| 25:34 | Queue | Villager (Male) |
| 25:37 | Research | Gold Mining |
| 25:39 | Research | Horse Collar |
| 25:59 | Queue | Villager (Male) |
| 25:59 | Queue | Villager (Male) |
| 26:22 | Build | Mule Cart |
| 26:58 | Research | Imperial Age |
| 27:01 | Queue | Composite Bowman |
| 27:02 | Queue | Composite Bowman |
| 27:05 | Queue | Villager (Male) |
| 27:08 | Research | Padded Archer Armor |
| 27:17 | Build | University |
| 27:38 | Queue | Villager (Male) |
| 27:39 | Queue | Villager (Male) |
| 27:40 | Queue | Villager (Male) |
| 28:17 | Queue | Composite Bowman |
| 28:17 | Queue | Composite Bowman |
| 28:28 | Research | Masonry |
| 28:30 | Queue | Villager (Male) |
| 28:30 | Queue | Villager (Male) |
| 28:34 | Build | Barracks |
| 28:41 | Research | Leather Archer Armor |
| 29:05 | Build | House |
Build order — Aztreonam
First 150 of 652 actions detected
| 0:01 | Queue | Villager (Male) |
| 0:01 | Queue | Villager (Male) |
| 0:01 | Queue | Villager (Male) |
| 0:02 | Build | House |
| 0:03 | Build | House |
| 0:13 | Queue | Villager (Male) |
| 0:13 | Queue | Villager (Male) |
| 1:24 | Queue | Villager (Male) |
| 2:00 | Queue | Villager (Male) |
| 2:00 | Queue | Villager (Male) |
| 2:25 | Queue | Villager (Male) |
| 2:25 | Queue | Villager (Male) |
| 2:47 | Queue | Villager (Male) |
| 2:48 | Queue | Villager (Male) |
| 2:48 | Queue | Villager (Male) |
| 3:13 | Queue | Villager (Male) |
| 3:40 | Queue | Villager (Male) |
| 3:41 | Queue | Villager (Male) |
| 3:52 | Build | House |
| 3:53 | Build | House |
| 3:55 | Queue | Villager (Male) |
| 3:56 | Queue | Villager (Male) |
| 4:38 | Build | Mill |
| 4:40 | Queue | Villager (Male) |
| 4:40 | Queue | Villager (Male) |
| 4:40 | Queue | Villager (Male) |
| 5:05 | Queue | Villager (Male) |
| 5:06 | Queue | Villager (Male) |
| 5:06 | Queue | Villager (Male) |
| 5:35 | Queue | Villager (Male) |
| 5:36 | Queue | Villager (Male) |
| 6:08 | Queue | Villager (Male) |
| 6:08 | Queue | Villager (Male) |
| 6:31 | Build | Farm |
| 6:33 | Build | Farm |
| 6:34 | Build | Farm |
| 7:06 | Build | Farm |
| 7:08 | Queue | Villager (Male) |
| 7:16 | Build | House |
| 7:40 | Queue | Villager (Male) |
| 8:05 | Build | Mule Cart |
| 8:26 | Queue | Villager (Male) |
| 8:28 | Research | Feudal Age |
| 8:45 | Queue | Villager (Male) |
| 8:45 | Queue | Villager (Male) |
| 9:16 | Build | Barracks |
| 9:20 | Queue | Villager (Male) |
| 11:01 | Age | Feudal Age |
| 11:03 | Build | Stable |
| 11:12 | Build | Blacksmith |
| 11:58 | Research | Castle Age |
| 11:59 | Research | Castle Age |
| 12:12 | Research | Double-Bit Axe |
| 12:18 | Build | House |
| 12:19 | Build | House |
| 12:24 | Build | Farm |
| 12:31 | Build | Farm |
| 12:36 | Build | Farm |
| 12:36 | Queue | Villager (Male) |
| 12:41 | Queue | Scout Cavalry |
| 12:41 | Queue | Scout Cavalry |
| 12:50 | Build | Farm |
| 12:53 | Build | Farm |
| 13:09 | Queue | Scout Cavalry |
| 13:30 | Queue | Scout Cavalry |
| 13:32 | Build | House |
| 13:57 | Queue | Scout Cavalry |
| 14:38 | Age | Castle Age |
| 14:41 | Research | Bow Saw |
| 14:46 | Build | Town Center |
| 14:46 | Queue | Villager (Male) |
| 15:11 | Build | Monastery |
| 15:17 | Build | Monastery |
| 15:20 | Queue | Villager (Male) |
| 15:25 | Queue | Villager (Male) |
| 15:42 | Queue | Villager (Male) |
| 15:42 | Queue | Villager (Male) |
| 15:48 | Queue | Villager (Male) |
| 16:11 | Queue | Villager (Male) |
| 16:12 | Queue | Villager (Male) |
| 16:12 | Queue | Villager (Male) |
| 16:14 | Queue | Monk |
| 16:31 | Queue | Villager (Male) |
| 16:41 | Build | Farm |
| 16:58 | Queue | Villager (Male) |
| 17:02 | Build | Town Center |
| 17:28 | Build | Farm |
| 17:28 | Build | Farm |
| 17:28 | Build | Farm |
| 17:28 | Build | Farm |
| 17:29 | Build | Farm |
| 17:32 | Queue | Villager (Male) |
| 17:32 | Queue | Villager (Male) |
| 17:33 | Queue | Villager (Male) |
| 17:39 | Queue | Monk |
| 17:55 | Queue | Villager (Male) |
| 17:59 | Build | Farm |
| 18:05 | Build | Monastery |
| 18:25 | Queue | Villager (Male) |
| 18:25 | Queue | Villager (Male) |
| 18:45 | Queue | Villager (Male) |
| 18:50 | Build | Mill |
| 18:51 | Build | Farm |
| 18:51 | Build | Farm |
| 18:51 | Build | Farm |
| 18:51 | Build | Farm |
| 18:52 | Build | Farm |
| 18:52 | Build | Farm |
| 18:53 | Queue | Villager (Male) |
| 18:53 | Queue | Villager (Male) |
| 18:53 | Queue | Villager (Male) |
| 18:56 | Research | Loom |
| 19:09 | Queue | Villager (Male) |
| 19:09 | Queue | Villager (Male) |
| 19:10 | Queue | Villager (Male) |
| 19:22 | Queue | Villager (Male) |
| 19:22 | Queue | Villager (Male) |
| 19:26 | Build | Farm |
| 19:29 | Build | Farm |
| 19:35 | Queue | Villager (Male) |
| 19:37 | Build | Farm |
| 19:40 | Build | Farm |
| 19:45 | Queue | Villager (Male) |
| 19:45 | Queue | Villager (Male) |
| 19:45 | Queue | Villager (Male) |
| 19:48 | Build | Farm |
| 19:51 | Build | Farm |
| 19:51 | Build | Farm |
| 20:00 | Queue | Villager (Male) |
| 20:00 | Queue | Villager (Male) |
| 20:03 | Build | Farm |
| 20:06 | Queue | Villager (Male) |
| 20:06 | Queue | Villager (Male) |
| 20:06 | Queue | Villager (Male) |
| 20:08 | Build | House |
| 20:09 | Build | House |
| 20:19 | Build | Farm |
| 20:19 | Build | Farm |
| 20:22 | Build | Farm |
| 20:23 | Queue | Villager (Male) |
| 20:23 | Queue | Villager (Male) |
| 20:24 | Build | Farm |
| 20:33 | Queue | Villager (Male) |
| 20:39 | Build | House |
| 20:40 | Build | House |
| 20:41 | Queue | Villager (Male) |
| 20:41 | Queue | Villager (Male) |
| 20:46 | Build | Mule Cart |
| 20:51 | Build | Farm |
| 20:57 | Queue | Villager (Male) |
Build order — patasss
First 150 of 690 actions detected
| 0:01 | Queue | Villager (Male) |
| 0:03 | Build | House |
| 0:05 | Build | House |
| 0:24 | Queue | Villager (Male) |
| 0:24 | Queue | Villager (Male) |
| 0:35 | Queue | Villager (Male) |
| 0:36 | Queue | Villager (Male) |
| 1:24 | Queue | Villager (Male) |
| 1:25 | Queue | Villager (Male) |
| 1:56 | Build | Lumber Camp |
| 2:06 | Queue | Villager (Male) |
| 2:06 | Queue | Villager (Male) |
| 2:24 | Queue | Villager (Male) |
| 2:24 | Queue | Villager (Male) |
| 2:49 | Queue | Villager (Male) |
| 2:49 | Queue | Villager (Male) |
| 3:12 | Research | Loom |
| 3:14 | Queue | Villager (Male) |
| 3:14 | Queue | Villager (Male) |
| 3:53 | Build | House |
| 3:56 | Build | House |
| 3:57 | Queue | Villager (Male) |
| 3:57 | Queue | Villager (Male) |
| 4:18 | Queue | Villager (Male) |
| 4:18 | Queue | Villager (Male) |
| 5:18 | Queue | Villager (Male) |
| 5:35 | Queue | Villager (Male) |
| 5:54 | Queue | Villager (Male) |
| 6:11 | Queue | Villager (Male) |
| 6:21 | Build | Mill |
| 6:43 | Queue | Villager (Male) |
| 7:16 | Build | House |
| 7:17 | Build | House |
| 7:21 | Queue | Villager (Male) |
| 7:21 | Queue | Villager (Male) |
| 7:50 | Build | Farm |
| 8:11 | Queue | Villager (Male) |
| 8:32 | Build | Farm |
| 8:35 | Research | Feudal Age |
| 8:48 | Build | Mining Camp |
| 9:06 | Build | Farm |
| 9:40 | Build | Farm |
| 10:11 | Build | Farm |
| 10:13 | Queue | Villager (Male) |
| 10:48 | Age | Feudal Age |
| 10:53 | Build | Market |
| 11:04 | Queue | Villager (Male) |
| 11:09 | Queue | Villager (Male) |
| 11:33 | Queue | Villager (Male) |
| 11:39 | Build | Blacksmith |
| 12:29 | Research | Castle Age |
| 12:29 | Research | Castle Age |
| 13:07 | Research | Horse Collar |
| 13:10 | Queue | Villager (Male) |
| 15:09 | Age | Castle Age |
| 15:14 | Build | Town Center |
| 15:18 | Queue | Villager (Male) |
| 15:28 | Build | Town Center |
| 15:34 | Research | Double-Bit Axe |
| 15:35 | Research | Double-Bit Axe |
| 15:46 | Queue | Villager (Male) |
| 16:03 | Build | Farm |
| 16:39 | Queue | Villager (Male) |
| 16:41 | Queue | Villager (Male) |
| 16:54 | Build | Monastery |
| 16:55 | Queue | Villager (Male) |
| 16:56 | Queue | Villager (Male) |
| 16:57 | Queue | Villager (Male) |
| 16:57 | Queue | Villager (Male) |
| 17:05 | Build | House |
| 17:09 | Build | Farm |
| 17:11 | Build | Farm |
| 17:15 | Queue | Villager (Male) |
| 17:23 | Research | Wheelbarrow |
| 17:32 | Build | Farm |
| 17:32 | Build | Farm |
| 17:34 | Queue | Villager (Male) |
| 17:40 | Queue | Villager (Male) |
| 17:41 | Queue | Villager (Male) |
| 17:41 | Queue | Villager (Male) |
| 17:41 | Queue | Villager (Male) |
| 17:42 | Queue | Monk |
| 17:45 | Build | Farm |
| 17:48 | Build | Farm |
| 18:00 | Build | Farm |
| 18:12 | Queue | Villager (Male) |
| 18:12 | Queue | Villager (Male) |
| 18:15 | Build | Farm |
| 18:26 | Build | House |
| 18:28 | Build | House |
| 18:29 | Build | House |
| 18:36 | Queue | Villager (Male) |
| 18:36 | Queue | Villager (Male) |
| 18:57 | Queue | Villager (Male) |
| 18:57 | Queue | Villager (Male) |
| 19:14 | Build | Town Center |
| 19:19 | Build | Lumber Camp |
| 19:22 | Build | Farm |
| 19:23 | Queue | Villager (Male) |
| 19:26 | Queue | Villager (Male) |
| 19:26 | Queue | Villager (Male) |
| 19:27 | Queue | Villager (Male) |
| 19:27 | Queue | Villager (Male) |
| 19:35 | Build | Farm |
| 19:43 | Build | Farm |
| 19:47 | Queue | Villager (Male) |
| 19:48 | Queue | Villager (Male) |
| 20:10 | Queue | Villager (Male) |
| 20:10 | Queue | Villager (Male) |
| 20:10 | Queue | Villager (Male) |
| 20:10 | Queue | Villager (Male) |
| 20:14 | Build | Farm |
| 20:19 | Build | Farm |
| 20:22 | Build | Farm |
| 20:25 | Build | Farm |
| 20:28 | Build | House |
| 20:32 | Queue | Villager (Male) |
| 20:32 | Queue | Villager (Male) |
| 20:32 | Queue | Villager (Male) |
| 20:32 | Queue | Villager (Male) |
| 21:04 | Build | Barracks |
| 21:19 | Queue | Villager (Male) |
| 21:21 | Queue | Villager (Male) |
| 21:21 | Queue | Villager (Male) |
| 21:21 | Queue | Villager (Male) |
| 21:22 | Queue | Villager (Male) |
| 21:30 | Build | Farm |
| 21:31 | Build | Farm |
| 21:34 | Build | Farm |
| 21:37 | Research | Scale Mail Armor |
| 21:38 | Research | Scale Mail Armor |
| 21:43 | Build | Farm |
| 21:45 | Queue | Villager (Male) |
| 21:45 | Queue | Villager (Male) |
| 21:50 | Queue | Villager (Male) |
| 21:51 | Queue | Villager (Male) |
| 22:08 | Build | Farm |
| 22:10 | Build | Farm |
| 22:14 | Build | Farm |
| 22:18 | Build | House |
| 22:19 | Build | House |
| 22:20 | Build | House |
| 22:21 | Queue | Villager (Male) |
| 22:22 | Queue | Villager (Male) |
| 22:22 | Queue | Villager (Male) |
| 22:22 | Queue | Villager (Male) |
| 22:22 | Queue | Villager (Male) |
| 22:27 | Build | Farm |
| 22:35 | Build | Farm |
| 22:37 | Queue | Villager (Male) |
Match timeline
| 9:16 | Aztreonam · first_building Barracks |
| 9:39 | Dino_Mate · age_up feudal |
| 9:40 | Fluffy Dust · age_up feudal |
| 9:44 | Andres_bc81 · age_up feudal |
| 10:32 | Yadranik · age_up feudal |
| 10:36 | Fluffy Dust · first_market_sell 100 stone |
| 10:48 | patasss · age_up feudal |
| 10:59 | SentinelChroner · age_up feudal |
| 11:01 | Aztreonam · age_up feudal |
| 11:03 | Aztreonam · first_building Stable |
| 11:35 | Yadranik · first_market_sell 500 stone |
| 11:35 | Yadranik · first_market_buy 100 food |
| 11:40 | Maradey · age_up feudal |
| 13:17 | Fluffy Dust · age_up castle |
| 13:20 | Dino_Mate · age_up castle |
| 13:29 | Dino_Mate · first_building Monastery |
| 13:34 | Fluffy Dust · first_building Castle |
| 14:23 | Yadranik · age_up castle |
| 14:31 | Andres_bc81 · age_up castle |
| 14:38 | Aztreonam · age_up castle |
| 14:55 | SentinelChroner · age_up castle |
| 15:04 | SentinelChroner · first_building Monastery |
| 15:09 | patasss · age_up castle |
| 15:11 | Aztreonam · first_building Monastery |
| 15:23 | Maradey · age_up castle |
| 15:24 | patasss · first_market_buy 100 wood |
| 15:30 | Maradey · first_building Castle |
| 15:33 | SentinelChroner · first_market_buy 100 wood |
| 15:58 | Maradey · first_building Siege Workshop |
| 16:36 | Maradey · wall_segment Stone Wall x7 |
| 16:50 | Maradey · wall_segment Palisade Wall x1 |
| 16:50 | Fluffy Dust · first_market_buy 100 food |
| 16:54 | patasss · first_building Monastery |
| 17:15 | Yadranik · first_building Barracks |
| 17:56 | Andres_bc81 · first_building Barracks |
| 19:04 | Dino_Mate · first_market_buy 100 food |
| 19:19 | Maradey · first_market_buy 100 stone |
| 19:49 | SentinelChroner · first_building Barracks |
| 20:06 | Andres_bc81 · first_building Stable |
| 20:35 | Andres_bc81 · first_market_buy 100 wood |
| 21:04 | patasss · first_building Barracks |
| 21:17 | Dino_Mate · tribute_sent a jugador 2 |
| 21:17 | Dino_Mate · tribute_sent a jugador 3 |
| 21:17 | Dino_Mate · tribute_sent a jugador 4 |
| 21:17 | Dino_Mate · tribute_sent a jugador 5 |
| 21:17 | Dino_Mate · tribute_sent a jugador 6 |
| 21:17 | Dino_Mate · tribute_sent a jugador 7 |
| 21:17 | Dino_Mate · tribute_sent a jugador 8 |
| 22:15 | Maradey · first_market_sell 500 wood |
| 22:19 | Yadranik · first_building Archery Range |
| 22:44 | Dino_Mate · first_building Siege Workshop |
| 22:47 | Yadranik · first_building Castle |
| 23:25 | Aztreonam · first_market_buy 100 stone |
| 23:52 | Dino_Mate · tribute_sent a jugador 2 |
| 23:52 | Dino_Mate · tribute_sent a jugador 3 |
| 23:52 | Dino_Mate · tribute_sent a jugador 4 |
| 23:52 | Dino_Mate · tribute_sent a jugador 5 |
| 23:52 | Dino_Mate · tribute_sent a jugador 6 |
| 23:52 | Dino_Mate · tribute_sent a jugador 7 |
| 23:52 | Dino_Mate · tribute_sent a jugador 8 |
| 24:47 | Dino_Mate · first_building Castle |
| 24:53 | Aztreonam · first_market_sell 100 food |
| 25:06 | SentinelChroner · first_building Archery Range |
| 25:16 | Dino_Mate · wall_segment Stone Wall x1 |
| 25:34 | patasss · first_building Siege Workshop |
| 25:41 | patasss · first_building Castle |
| 26:33 | SentinelChroner · first_market_sell 100 food |
| 26:41 | Andres_bc81 · first_building Monastery |
| 27:06 | Maradey · age_up imperial |
| 27:21 | Dino_Mate · first_building Barracks |
| 27:24 | Yadranik · first_building Siege Workshop |
| 27:47 | SentinelChroner · age_up imperial |
| 28:34 | Fluffy Dust · first_building Barracks |
| 28:34 | Aztreonam · first_building Castle |
| 28:53 | Aztreonam · age_up imperial |
| 29:04 | Dino_Mate · first_building Stable |
| 29:16 | Yadranik · age_up imperial |
| 30:08 | Fluffy Dust · age_up imperial |
| 30:18 | SentinelChroner · first_building Castle |
| 30:26 | Fluffy Dust · first_building Archery Range |
| 30:59 | SentinelChroner · first_building Stable |
| 30:59 | Maradey · first_building Barracks |
| 31:04 | Andres_bc81 · first_market_sell 100 wood |
| 31:13 | Fluffy Dust · wall_segment Stone Wall x3 |
| 31:18 | Fluffy Dust · wall_segment Stone Wall x3 |
| 32:15 | Fluffy Dust · wall_segment Palisade Wall x5 |
| 32:44 | patasss · age_up imperial |
| 33:05 | Fluffy Dust · first_building Monastery |
| 33:25 | patasss · first_market_sell 100 wood |
| 34:07 | Andres_bc81 · age_up imperial |
| 34:52 | Maradey · first_building Archery Range |
| 35:47 | Andres_bc81 · first_building Castle |
| 37:07 | Dino_Mate · first_building Archery Range |
| 37:44 | Dino_Mate · age_up imperial |
| 37:54 | Fluffy Dust · wall_segment Palisade Wall x1 |
| 37:57 | Fluffy Dust · wall_segment Palisade Wall x1 |
| 39:22 | Dino_Mate · first_market_sell 100 food |
| 40:02 | Aztreonam · first_building Siege Workshop |
| 41:54 | SentinelChroner · wall_segment Stone Wall x1 |
| 41:57 | SentinelChroner · wall_segment Stone Wall x1 |
| 42:07 | Dino_Mate · resign |
| 42:34 | SentinelChroner · wall_segment Stone Wall x8 |
| 42:39 | SentinelChroner · wall_segment Stone Wall x17 |
| 42:56 | SentinelChroner · wall_segment Stone Wall x7 |
| 43:03 | SentinelChroner · wall_segment Stone Wall x22 |
| 43:14 | SentinelChroner · wall_segment Stone Wall x1 |
| 43:36 | SentinelChroner · wall_segment Stone Wall x1 |
| 43:38 | SentinelChroner · wall_segment Stone Wall x3 |
| 43:41 | SentinelChroner · wall_segment Stone Wall x6 |
| 45:45 | SentinelChroner · wall_segment Stone Wall x7 |
[ AI ANALYSIS · 1 CREDIT ]
What really happened in this match?
Wolo.gg analyzes every decision: build order, eco, micro, common mistakes by bracket. Personalized analysis on WhatsApp or Discord in 30 seconds.
Civ guide
Burgundians
Perfil
Jugador #219480